 Dungeon Crawl Stone Soup version 0.18.1-47-g9310371 (webtiles) character file.

54938 Ery the Bludgeoner (level 14, -1/132 HPs)
             Began as a Minotaur Berserker on June 13, 2016.
             Was a High Priest of Trog.
             Slain by an orc warrior
             ... wielding a +0 glaive
             ... led by an orc warlord
              (26 damage)
             ... on level 2 of the Orcish Mines on June 14, 2016.
             The game lasted 01:48:03 (22601 turns).

Ery the Bludgeoner (Minotaur Berserker)            Turns: 22601, Time: 01:48:04

Health: -1/132     AC: 22    Str: 21 (22) XL:     14   Next: 36%
Magic:  4/4        EV: 10    Int:  5 (6)  God:    Trog [*****.]
Gold:   1772       SH: 13    Dex: 12 (13) Spells: 0 memorised, 13 levels left

rFire  . . .     SeeInvis .     x - +9 eveningstar (antimagic)
rCold  + . .     Gourm    .     M - +0 plate armour
rNeg   . . .     Faith    .     p - +0 shield
rPois  +         Spirit   .     (helmet unavailable)
rElec  .         Dismiss  +     B - +2 cloak {rPois}
rCorr  +         Reflect  .     (no gloves)
SustAt .         Harm     .     h - +0 pair of boots
MR     ++...     Rnd*Rage +     s - amulet of dismissal
Stlth  ..........               u - ring of resist corrosion
                                e - ring of poison resistance

@: exhausted, about to teleport, slowed, very slow, very resistant to hostile
enchantments, extremely unstealthy
A: retaliatory headbutt, hooves 1, horns 3, rugged brown scales 1, berserk 1,
clever 1, cold resistance 1, deterioration 2, magic resistance 1, screaming 2,
weak 1
a: Berserk, Trog's Hand, Brothers in Arms, Burn Spellbooks, Renounce Religion


You were on level 2 of the Orcish Mines.
You worshipped Trog.
Trog was extremely pleased with you.
You were very hungry.

You visited 2 branches of the dungeon, and saw 15 of its levels.

You collected 1772 gold pieces.

Inventory:

Hand Weapons
 x - a +9 antimagic eveningstar (weapon)
Armour
 d - a +1 ring mail of magic resistance
 h - a +0 pair of boots (worn)
 p - a +0 shield (worn)
 B - a +2 cloak of poison resistance (worn)
 M - a +0 plate armour (worn)
 Q - the +1 leather armour of Defence {Str+7 Dex+4}
   (You found it on level 11 of the Dungeon)

   It affects your strength (+7).
   It affects your dexterity (+4).
Jewellery
 e - a ring of poison resistance (left hand)
 s - an amulet of dismissal (around neck)
 u - a ring of resist corrosion (right hand)
Scrolls
 a - 2 scrolls of silence
 f - a scroll of remove curse
 q - 3 scrolls of magic mapping
 t - a scroll of acquirement
 y - 2 scrolls of recharging
 z - a scroll of brand weapon
 D - a scroll of immolation
 G - 3 scrolls of enchant armour
 H - 3 scrolls of teleportation
 I - a scroll of fear
 O - 3 scrolls of fog
Potions
 b - a potion of resistance {unknown}
 k - a potion of degeneration {unknown}
 m - a potion of curing
 v - a potion of magic {unknown}
 C - 2 potions of lignification {unknown}
 K - 3 potions of heal wounds {unknown}
 L - a potion of invisibility
 N - 3 potions of flight {unknown}
Comestibles
 c - 9 bread rations
 g - 6 beef jerkies
 j - 3 meat rations


   Skills:
 * Level 13.6 Fighting
 - Level 16.0 Maces & Flails
 * Level 13.2 Armour
 + Level 9.6 Dodging
 * Level 13.9 Shields


You had 13 spell levels left.
You didn't know any spells.

Dungeon Overview and Level Annotations

Branches:
Dungeon (15/15)            Temple (0/1) D:4             Orc (2/2) D:12
    Elf (0/3) Orc:2        Vaults (0/5) D:13         Depths (0/5) D:15
   Lair: D:8-11

Altars:
Elyvilon
Fedhas
Kikubaaqudgha
Makhleb
Nemelex Xobeh
Sif Muna
Vehumet
Xom
Zin

Shops:
Orc:2 **?

Portals:
Trove: D:13 (give 14 scrolls of teleportation)

Annotations:
D:12 Kirke


Innate Abilities, Weirdness & Mutations

You reflexively headbutt those who attack you in melee.
You have a pair of large horns on your head.
You have large cloven feet.
You are partially covered in rugged brown scales (AC +1, +3% HP).
You tend to lose your temper in combat.
Your mind is acute. (Int +2)
Your flesh is cold resistant.
Your body often deteriorates upon taking damage.
You are resistant to hostile enchantments.
You sometimes yell uncontrollably at your foes.
You are weak. (Str -2)


Message History

The orc warrior hits you from afar with a glaive!
* * * LOW HITPOINT WARNING * * *
You block the orc warrior's attack.
Items here: )) [ † a mace; a plate armour; a trident; an orc corpse Unknown command.
You impale the orc warrior!! You headbutt the orc warrior!
You kill the orc warrior!
Trog accepts your kill. You block the orc warrior's attack.
You are no longer berserk.
You are exhausted.
You feel yourself slow down.
You are feeling very hungry.
You see here a tomahawk.
As you read the scroll of teleportation, it crumbles to dust.
You feel strangely unstable.
The orc no longer looks unusually strong.
The orc warrior hits you with a glaive!!
You die...

.....(........###...#.#.#...##
...............###.........##
...............####..#.#..##
.............(..####.....##
......((.........####∩.∩##
.......∩((........# ##.##
......)).........## ###
..........)......##
...............(@.##
.............oo#o#.###
.............).3o....#####
................o#.....#.## #
.....#..........o.##......# #
...................###.#.## ###
....................#...#.#####..
.....#.............##......##....
...........................##....


You could see a sun demon, an orc sorcerer, 2 orc warriors and 3 orcs.

Vanquished Creatures
  A fire giant (D:15)
  An orc warlord (Orc:2)
  An ettin (D:13)
  Snorg (Orc:1)
  Erolcha (D:12)
  Erica (D:8)
  4 centaur warriors
  5 tengu warriors
  An orc high priest (Orc:2)
  A soul eater (Orc:2)
  An iron troll (D:13)
  A wizard (D:13)
  5 skeletal warriors (D:14)
  An unseen horror (D:13)
  4 hill giants
  The ghost of Ery the Basher, a novice MiBe of Trog (D:6)
  A wolf spider (D:15)
  An orc sorcerer (Orc:2)
  9 ugly things
  A hornet (shapeshifter) (D:13)
  A deep elf mage (D:13)
  A griffon (D:13)
  4 orc knights
  A cyclops (D:13)
  A gargoyle (D:13)
  6 centaur skeletons
  An orange demon (Orc:2)
  A rime drake (shapeshifter) (D:14)
  A komodo dragon (D:14)
  An efreet (D:15)
  A kobold demonologist (D:14)
  An ice devil (Orc:2)
  A hellwing (Orc:2)
  9 trolls
  A troll (shapeshifter) (D:14)
  2 tengu conjurers
  2 two-headed ogres
  Prince Ribbit (D:7)
  13 slime creatures
  A centaur simulacrum (D:13)
  A vampire (D:15)
  A ynoxinul (Orc:2)
  A yak (shapeshifter) (D:13)
  A shadow (D:14)
  20 yaks
  A wraith (D:15)
  3 water elementals
  A wyvern (D:12)
  A hog (D:12)
  6 hungry ghosts
  4 wargs
  2 hippogriffs
  3 soldier ants
  A mottled dragon (D:13)
  Edmund (D:6)
  30 orc warriors
  4 sky beasts
  3 ice beasts
  2 phantoms
  2 necrophages
  16 ogres
  2 black bears
  6 centaurs (D:15)
  2 crocodiles
  4 big kobolds (D:12)
  10 giant frogs
  4 gnoll sergeants
  A wyvern skeleton (D:15)
  2 scorpions
  10 killer bees
  17 wights
  2 howler monkeys (D:12)
  7 electric eels
  4 crimson imps
  3 jellies
  Crazy Yiuf (D:5)
  6 giant frog zombies
  16 orc wizards
  4 gnoll shamans (D:3)
  3 hounds (D:7)
  27 orc priests
  A giant frog skeleton (D:13)
  3 iguanas
  12 worker ants
  Natasha (thrice) (D:2)
  A killer bee zombie (D:11)
  The ghost of Krovax the Skirmisher, a weakling MiBe of Trog (D:4)
  A worker ant zombie (D:8)
  A howler monkey skeleton (D:4)
  6 adders
  56 gnolls
  3 shadow imps
  An ooze (D:4)
  3 adder skeletons
  A worm (D:3)
  2 dart slugs (D:1)
  3 giant geckos
  80 orcs
  12 bats
  3 giant cockroaches
  7 hobgoblins
  19 jackals
  4 quokkas
  2 ball pythons
  2 giant gecko zombies
  5 giant newts
  6 goblins
  A jackal skeleton (D:4)
  5 kobolds
  6 rats
  A bush (D:11)
578 creatures vanquished.

Vanquished Creatures (collateral kills)
  A tengu conjurer (D:15)
  A mottled dragon (D:15)
  3 wights (D:15)
5 creatures vanquished.

Vanquished Creatures (others)
  An orc wizard (D:13)
  A bush (D:11)
2 creatures vanquished.

Grand Total: 585 creatures vanquished

Notes
Turn   | Place    | Note
--------------------------------------------------------------
     0 | D:1      | Ery the Minotaur Berserker began the quest for the Orb.
     0 | D:1      | Reached XP level 1. HP: 19/19 MP: 0/0
   142 | D:1      | Reached XP level 2. HP: 25/27 MP: 1/1
   171 | D:1      | Reached skill level 4 in Maces & Flails
   664 | D:1      | Reached XP level 3. HP: 33/33 MP: 2/2
   666 | D:1      | Reached ** piety under Trog
   935 | D:2      | Noticed Natasha
   941 | D:2      | Killed Natasha
  1109 | D:2      | Found a sparkling altar of Nemelex Xobeh.
  1174 | D:2      | Noticed Natasha
  1181 | D:2      | Killed Natasha
  1181 | D:2      | Reached XP level 4. HP: 17/41 MP: 3/3
  1408 | D:2      | Found a sparkling altar of Nemelex Xobeh.
  1553 | D:2      | Noticed Natasha
  1558 | D:2      | Killed Natasha
  1866 | D:3      | Reached skill level 5 in Fighting
  1866 | D:3      | Reached skill level 5 in Maces & Flails
  1866 | D:3      | Reached XP level 5. HP: 39/48 MP: 4/4
  2305 | D:3      | Reached skill level 1 in Shields
  2306 | D:3      | Reached *** piety under Trog
  2414 | D:3      | Reached XP level 6. HP: 31/56 MP: 5/5
  2936 | D:3      | Found a deep blue altar of Sif Muna.
  3031 | D:3      | Reached skill level 5 in Dodging
  3033 | D:3      | Reached XP level 7. HP: 40/61 MP: 6/6
  3423 | D:3      | Reached **** piety under Trog
  3910 | D:3      | Reached skill level 6 in Maces & Flails
  4280 | D:3      | Reached XP level 8. HP: 52/70 MP: 7/7
  4621 | D:4      | Found a white marble altar of Elyvilon.
  4626 | D:4      | Noticed Krovax's ghost (weakling MiBe)
  4635 | D:4      | Killed Krovax's ghost
  4692 | D:4      | Reached skill level 5 in Shields
  4840 | D:4      | Found a staircase to the Ecumenical Temple.
  4883 | D:4      | Found a radiant altar of Vehumet.
  4937 | D:5      | Entered Level 5 of the Dungeon
  4955 | D:5      | Found a shimmering altar of Xom.
  4955 | D:5      | Found a glowing silver altar of Zin.
  4955 | D:5      | Noticed an angel
  5031 | D:5      | Reached skill level 7 in Maces & Flails
  5638 | D:5      | Reached skill level 5 in Armour
  5760 | D:5      | Noticed Crazy Yiuf
  5770 | D:5      | Killed Crazy Yiuf
  5771 | D:5      | Got a pitted mace
  5772 | D:5      | Identified the +7 mace of Terra Nullius {venom, rPois} (You found it on level 5 of the Dungeon)
  5819 | D:6      | Noticed Ery's ghost (novice MiBe)
  5830 | D:6      | Killed Ery's ghost
  5830 | D:6      | Reached skill level 8 in Maces & Flails
  5830 | D:6      | Reached XP level 9. HP: 79/79 MP: 8/8
  5836 | D:6      | Gained mutation: You are somewhat resistant to further mutation. [mutagenic meat]
  5926 | D:6      | Noticed Edmund
  5931 | D:6      | Killed Edmund
  6068 | D:6      | Found a blossoming altar of Fedhas.
  6069 | D:6      | Found an ancient bone altar of Kikubaaqudgha.
  6347 | D:7      | Found a burning altar of Makhleb.
  6348 | D:7      | Noticed Prince Ribbit
  6361 | D:7      | Killed Prince Ribbit
  6361 | D:7      | Reached skill level 9 in Maces & Flails
  7110 | D:7      | Reached XP level 10. HP: 84/88 MP: 9/9
  7302 | D:8      | Reached skill level 10 in Maces & Flails
  7526 | D:8      | Noticed Erica
  7538 | D:8      | Killed Erica
  7641 | D:8      | You fall through a shaft for 3 floors!
  7665 | D:11     | Noticed a purple ugly thing
  7690 | D:11     | Killed a purple ugly thing
  7926 | D:11     | Got an ancient leather armour
  7938 | D:11     | Identified the +1 leather armour of Defence {Str+7 Dex+4} (You found it on level 11 of the Dungeon)
  8422 | D:11     | Noticed a hill giant
  8429 | D:11     | Killed a hill giant
  8590 | D:11     | Reached skill level 11 in Maces & Flails
  8943 | D:11     | Reached XP level 11. HP: 86/97 MP: 10/10
  9217 | D:12     | Noticed Erolcha
  9230 | D:12     | Paralysed by Erolcha for 4 turns
  9239 | D:12     | Killed Erolcha
  9619 | D:12     | Noticed Kirke
 10070 | D:12     | Found a staircase to the Orcish Mines.
 10117 | D:12     | Reached skill level 10 in Shields
 10240 | D:12     | Reached ***** piety under Trog
 10534 | D:12     | Noticed a hill giant
 10540 | D:12     | Killed a hill giant
 10883 | D:12     | Reached skill level 10 in Fighting
 10943 | D:13     | Noticed a cyan ugly thing
 10946 | D:13     | Noticed a centaur warrior
 10955 | D:13     | Killed a cyan ugly thing
 10964 | D:13     | Killed a centaur warrior
 10967 | D:13     | Reached skill level 12 in Maces & Flails
 11517 | D:13     | Noticed a griffon
 11518 | D:13     | Noticed an orb spider
 11518 | D:13     | a soldier ant changed into an orb spider
 11524 | D:13     | an orb spider changed into a golden eye
 11525 | D:13     | Noticed an iron troll
 11529 | D:13     | Killed a griffon
 11552 | D:13     | Killed an iron troll
 11554 | D:13     | Noticed a wizard
 11561 | D:13     | Killed a wizard
 11561 | D:13     | Reached skill level 10 in Armour
 11561 | D:13     | Reached XP level 12. HP: 22/107 MP: 11/11
 11771 | D:13     | Noticed an ettin
 11779 | D:13     | Killed an ettin
 11982 | D:13     | Found a gate to the Vaults.
 12189 | D:13     | Received a gift from Trog
 13560 | D:13     | Found a portal to a secret trove of treasure.
 14127 | D:13     | Reached skill level 13 in Maces & Flails
 14504 | D:13     | Noticed a tengu warrior
 14514 | D:13     | Killed a tengu warrior
 15096 | D:13     | Noticed a centaur warrior
 15110 | D:13     | Killed a centaur warrior
 15365 | D:12     | Identified a scroll of acquirement
 15367 | D:12     | Lost mutation: You are somewhat resistant to further mutation. [potion of cure mutation]
 15655 | D:14     | Gained mutation: Your mind is acute. (Int +2) [mutagenic meat]
 15659 | D:14     | Gained mutation: You have a pair of large horns on your head. [mutagenic meat]
 15660 | D:14     | Gained mutation: You are weak. (Str -2) [mutagenic meat]
 15662 | D:14     | Gained mutation: You have large cloven feet. [mutagenic meat]
 15663 | D:14     | Gained mutation: You are partially covered in rugged brown scales (AC +1, +3% HP). [mutagenic meat]
 15665 | D:14     | Gained mutation: You occasionally shout uncontrollably at your foes. [mutagenic meat]
 15695 | D:14     | Reached XP level 13. HP: 119/119 MP: 4/12
 16023 | D:14     | Reached skill level 14 in Maces & Flails
 16607 | D:14     | Lost mutation: You are weak. (Str -2) [potion of mutation]
 16608 | D:14     | Gained mutation: You tend to lose your temper in combat. [potion of mutation]
 16608 | D:14     | Gained mutation: You sometimes yell uncontrollably at your foes. [potion of mutation]
 16608 | D:14     | Gained mutation: Your body sometimes deteriorates upon taking damage. [potion of mutation]
 16609 | D:14     | Gained mutation: Your flesh is cold resistant. [potion of beneficial mutation]
 17263 | D:15     | Entered Level 15 of the Dungeon
 17411 | D:15     | Gained mutation: You are weak. (Str -2) [mutagenic meat]
 17412 | D:15     | Gained mutation: You are resistant to hostile enchantments. [mutagenic meat]
 17724 | D:15     | Reached skill level 15 in Maces & Flails
 17850 | D:15     | Found a staircase to the Depths.
 17850 | D:15     | Noticed a fire giant
 18187 | D:15     | Got an ancient war axe {freeze}
 18270 | D:15     | Identified the +7 war axe "Xupoa" {freeze, *Rage Dex+4 Stlth+} (You took it off a wight on level 15 of the Dungeon)
 19245 | D:15     | Gained mutation: Your body often deteriorates upon taking damage. [potion of mutation]
 19513 | D:15     | Killed a fire giant
 19513 | D:15     | Reached XP level 14. HP: 130/130 MP: 4/13
 19625 | Orc:1    | Entered Level 1 of the Orcish Mines
 19625 | Orc:1    | Noticed Snorg
 19660 | Orc:1    | Killed Snorg
 20351 | Orc:1    | Received a gift from Trog
 20439 | Orc:2    | Entered Level 2 of the Orcish Mines
 20439 | Orc:2    | Found a staircase to the Elven Halls.
 20778 | Orc:2    | Found Cycweih's General Store.
 21607 | Orc:2    | Found Ziannack's Magic Scroll Shop.
 21665 | Orc:2    | Found Taoffiugh's General Store.
 21702 | Orc:2    | Reached skill level 16 in Maces & Flails
 22524 | Orc:2    | HP: 6/132 [sixfirhy[an orc sorcerer] (9)]
 22584 | Orc:2    | Noticed an orc warlord
 22592 | Orc:2    | Killed an orc warlord
 22601 | Orc:2    | Slain by an orc warrior

Skill      XL: |  1  2  3  4  5  6  7  8  9 10 11 12 13 14 |
---------------+-------------------------------------------+-----
Maces & Flails | 4 5 6 8 9 11 12 13 15 16 | 16.0
Fighting       | 4 5 6 7 9 10 11 12 13 | 13.6
Dodging        | 3 4 5 6 7 9 |  9.6
Shields        | 1 2 4 6 7 9 11 12 13 | 13.9
Armour         | 3 4 6 7 9 10 11 12 13 | 13.2

Action                   |  1- 3 |  4- 6 |  7- 9 | 10-12 | 13-15 || total
-------------------------+-------+-------+-------+-------+-------++-------
Melee: Mace              |    65 |    44 |   123 |   457 |       ||   689
       Headbutt          |     8 |    20 |    65 |   148 |   118 ||   359
       Flail             |       |    71 |   187 |       |       ||   258
       Unarmed           |       |       |       |     2 |       ||     2
       Eveningstar       |       |       |       |   128 |   571 ||   699
Invok: Berserk           |     1 |     3 |     9 |    15 |    10 ||    38
       Trog's Hand       |       |     1 |       |     3 |     5 ||     9
       Burn Spellbooks   |       |       |       |     2 |     1 ||     3
       Brothers in Arms  |       |       |       |     1 |     4 ||     5
  Use: Scroll            |     3 |       |     8 |    12 |     2 ||    25
       Potion            |       |       |       |     3 |     6 ||     9
 Stab: Distracted        |     1 |       |       |     1 |       ||     2
  Eat: Chunk             |     2 |     6 |    21 |    26 |    12 ||    67
       Beef jerky        |       |     1 |     1 |     1 |     1 ||     4
       Fruit             |       |       |     2 |       |       ||     2
       Royal jelly       |       |       |     1 |       |       ||     1
       Meat ration       |       |       |       |     4 |     4 ||     8
       Pizza             |       |       |       |     3 |       ||     3
       Bread ration      |       |       |       |     1 |     1 ||     2
Armor: Animal skin       |    31 |     1 |       |       |       ||    32
       Leather armour    |       |    49 |    19 |    37 |       ||   105
       Ring mail         |       |       |    35 |       |       ||    35
       Chain mail        |       |       |     8 |       |       ||     8
       Plate armour      |       |       |     4 |   215 |   192 ||   411
Dodge: Dodged            |    63 |    78 |   116 |   245 |   149 ||   651
Block: Shield            |     2 |    88 |   170 |   349 |   302 ||   911
